 Dungeon Crawl Stone Soup version 0.25-a0-578-gc91f01c39c (webtiles) character file.

Game seed: 14624099780737446810, levelgen mode: deterministic

5150 Flugslaktarn the Cleaver (level 10, -8/199 HPs)
             Began as a Minotaur Fighter on Mar 3, 2020.
             Was a Priest of Makhleb.
             Mangled by a killer bee (11 damage)
             ... on level 9 of the Dungeon.
             The game lasted 00:03:20 (4935 turns).

Flugslaktarn the Cleaver (Minotaur Fighter)         Turns: 4935, Time: 00:03:20

Health: -8/199     AC: 25    Str: 23    XL:     10   Next: 33%
Magic:  1/13       EV:  2    Int:  5    God:    Makhleb [***...]
Gold:   178        SH: 11    Dex: 11    Spells: 9/9 levels left

rFire    + . .     SeeInvis .   a - +0 war axe
rCold    . . .     Gourm    .   c - +0 kite shield
rNeg     + + +     Faith    .   (armour currently unavailable)
rPois    +         Spirit   .   (helmet currently unavailable)
rElec    .         Reflect  .   (cloak currently unavailable)
rCorr    .         Harm     .   (gloves currently unavailable)
MR       .....     NoTele   +   (boots currently unavailable)
Stlth    ..........             (no amulet)
HPRegen  0.43/turn              f - ring of protection from fire
MPRegen  0.13/turn              o - ring of poison resistance

@: berserking, lethally poisoned (-8 -> -8), tree-form, stab, very quick
A: (retaliatory headbutt)
a: Minor Destruction, Lesser Servant of Makhleb, Renounce Religion


You were on level 9 of the Dungeon.
You worshipped Makhleb.
Makhleb was most pleased with you.
You were hungry.
You were a tree.
You visited 1 branch of the dungeon, and saw 9 of its levels.
You also visited: Ossuary.

You collected 658 gold pieces.
You spent 480 gold pieces at shops.

Inventory:

Hand Weapons
 a - a +0 war axe (weapon)
Armour
 b - a +0 scale mail
 c - a +0 kite shield (worn)
 g - the +1 pair of gloves of Qeozxony (melded) {+Fly rC+ Regen+ Str+2}
   (You found it on level 4 of the Dungeon)

   It affects your strength (+2).
   It protects you from cold.
   It lets you fly.
   It increases your rate of regeneration.
   If you remove this armour, your AC will remain unchanged.
 i - a scarf of spirit shield (melded)
   (You found it on level 1 of the Dungeon)
 x - a +0 pair of boots (melded)
   (You found it on level 6 of the Dungeon)
 y - a +0 plate armour (melded)
   (You found it on level 7 of the Dungeon)
Jewellery
 f - a ring of protection from fire (left branch)
   (You found it on level 3 of the Dungeon)
 k - an uncursed ring of resist corrosion
   (You bought it in a shop on level 8 of the Dungeon)
 o - a ring of poison resistance (right branch)
   (You bought it in a shop on level 6 of the Dungeon)
Wands
 t - a wand of iceblast (6)
   (You found it on level 4 of the Dungeon)
 G - a wand of acid (11)
   (You found it on level 8 of the Dungeon)
Scrolls
 h - 10 scrolls of identify {unknown}
 j - a scroll of enchant weapon {unknown}
 l - 2 scrolls of magic mapping {unknown}
 p - 7 scrolls of remove curse {unknown}
 q - a scroll of noise {unknown}
 r - 2 scrolls of teleportation {unknown}
 v - 2 scrolls of random uselessness {unknown}
 w - 2 scrolls of fog {unknown}
Potions
 d - 2 potions of might
 m - 3 potions of haste {unknown}
 n - 2 potions of flight {unknown}
 s - 4 potions of resistance {unknown}
 z - 2 potions of curing {unknown}
 A - 2 potions of berserk rage
 B - 3 potions of degeneration {unknown}
 C - 5 potions of stabbing
 D - 4 potions of lignification
 E - a potion of experience {unknown}
 F - 3 potions of heal wounds {unknown}
Comestibles
 e - 12 rations
 u - 2 chunks of flesh


   Skills:
 + Level 8.3 Fighting
 * Level 10.9 Axes
 + Level 8.4 Armour
 + Level 8.4 Shields
 + Level 5.8 Invocations


You had 9 spell levels left.
You didn't know any spells.
Your spell library was empty.

Dungeon Overview and Level Annotations

Branches:
Dungeon (9/15)             Temple (0/1) D:5         Ossuary (visited)
   Lair: D:8-11         Orc: D:9-12

Altars:
Cheibriados
Makhleb
Nemelex Xobeh
Okawaru
Xom
Yredelemnul
Zin

Shops:
D:5 ?   D:6 =   D:8 =

Annotations:
D:6 3 runed translucent doors, zikan's ghost, amateur BaSu


Innate Abilities, Weirdness & Mutations

((You reflexively headbutt those who attack you in melee.))
((You have a pair of horns on your head.))


Message History

You block the queen bee's attack. The killer bee barely misses you.
The killer bee moves out of view.
It was a potion of berserk rage.
A red film seems to cover your vision as you go berserk!
You feel yourself moving faster!
You feel mighty!
You feel sick.
The killer bee stings you but does no damage. x2
You block the killer bee's attack.
The killer bee stings you but does no damage.
The killer bee rages.
The killer bee stings you but does no damage.
The queen bee stings you but does no damage.
The killer bee stings you.
* * * LOW HITPOINT WARNING * * *
You barely miss the queen bee.
The queen bee is moderately wounded.
You barely miss the killer bee. You slash the killer bee!
The killer bee stings you.
* * * LOW HITPOINT WARNING * * *
You block the killer bee's attack. x2; The killer bee stings you!
You die...

.# .# .....
#######.# ....#
.......###...#
###.........#
#....÷##...# #
#.#..##y...#
#.##.#yy#5yy..#
#......♣yyyy#
####.#####yy.?..#
#####.###
#.#...##
#.......#
#.##....#
#.(.).#.# ...
..... #.....#.#
... ####
##.....#.# ....
#......#.#.....
#.#.#....#


You could see a queen bee, 10 killer bees and a crimson imp.

Vanquished Creatures
  2 two-headed ogres (D:8)
  An unseen horror (D:7)
  A hippogriff (D:8)
  Sigmund (D:5)
  A steam dragon (D:8)
  Duvessa (D:5)
  An ice beast (D:4)
  3 sky beasts
  4 ogres
  3 necrophages (D:7)
  2 phantoms (D:5)
  3 centaurs
  A wyvern zombie (D:7)
  Dowan (D:5)
  3 killer bees (D:9)
  6 wights (D:7)
  2 bullfrog zombies
  2 jellies
  2 bullfrog skeletons
  3 hounds
  3 orc priests
  2 orc wizards
  An iguana (D:6)
  5 worker ants
  2 big kobold zombies (Ossuary)
  8 mummies (Ossuary)
  2 worker ant zombies
  7 adders
  2 shadow imps
  An adder zombie (D:7)
  3 worms
  4 leopard geckos
  20 orcs
  3 giant cockroaches
  A goblin (D:1)
  6 hobgoblins
  18 jackals
  4 quokkas
  A ball python (D:1)
  3 bats
  8 frilled lizards
  2 hobgoblin zombies (Ossuary)
  4 kobolds
  3 kobold zombies (Ossuary)
  A leopard gecko skeleton (D:6)
  An orc zombie (Ossuary)
  4 rats
162 creatures vanquished.

Notes
Turn   | Place    | Note
-------+----------+-------------------------------------------
     0 | D:1      | Flugslaktarn the Minotaur Fighter began the quest for the
                  | Orb.
     0 | D:1      | Reached XP level 1. HP: 19/19 MP: 0/0
   135 | D:1      | Found a sparkling altar of Nemelex Xobeh.
   143 | D:1      | Reached XP level 2. HP: 27/27 MP: 1/1
   193 | D:1      | Reached skill level 3 in Axes
   381 | D:2      | Reached XP level 3. HP: 33/33 MP: 2/2
   684 | D:3      | Reached skill level 4 in Axes
   684 | D:3      | Reached XP level 4. HP: 38/40 MP: 3/3
   879 | D:3      | Found a burning altar of Makhleb.
   879 | D:3      | Noticed a cacodemon
   889 | D:3      | Noticed an orange demon
   889 | D:3      | Noticed an orange demon
  1002 | D:3      | Became a worshipper of Makhleb the Destroyer
  1195 | D:4      | Noticed an ice beast
  1204 | D:4      | HP: 1/41 [ice beast (13)]
  1206 | D:4      | Killed an ice beast
  1206 | D:4      | Reached XP level 5. HP: 2/47 MP: 0/4
  1534 | D:4      | Reached skill level 1 in Invocations
  1791 | D:4      | Got a pair of warped gloves
  1797 | D:4      | Identified the +1 pair of gloves of Qeozxony {+Fly rC+
                  | Regen+ Str+2} (You found it on level 4 of the Dungeon)
  1821 | D:4      | Found a basalt altar of Yredelemnul.
  1851 | D:4      | Found Foptenyu's Assorted Antiques.
  1968 | D:5      | Entered Level 5 of the Dungeon
  1994 | D:5      | Reached skill level 5 in Axes
  2004 | D:5      | Noticed a phantom
  2021 | D:5      | Reached XP level 6. HP: 45/53 MP: 3/5
  2108 | D:5      | Found a staircase to the Ecumenical Temple.
  2136 | D:5      | Found an iron altar of Okawaru.
  2139 | D:5      | Reached skill level 5 in Fighting
  2139 | D:5      | Reached skill level 5 in Shields
  2150 | D:5      | Reached * piety under Makhleb
  2171 | D:5      | Noticed Duvessa
  2171 | D:5      | Noticed Sigmund
  2172 | D:5      | Noticed Dowan
  2179 | D:5      | Killed Duvessa
  2179 | D:5      | Reached skill level 5 in Armour
  2179 | D:5      | Reached XP level 7. HP: 61/61 MP: 5/7
  2182 | D:5      | Killed Dowan
  2182 | D:5      | Reached skill level 6 in Axes
  2206 | D:5      | Killed Sigmund
  2420 | D:5      | Found Gonuev's Magic Scroll Shoppe.
  2806 | D:6      | Reached skill level 7 in Axes
  2825 | D:6      | Reached XP level 8. HP: 66/70 MP: 9/9
  2869 | D:6      | Found a runed translucent gate.
  2880 | D:6      | Found a runed translucent gate.
  3056 | D:6      | Found Mudaiqoa's Jewellery Boutique.
  3155 | D:6      | Found a runed translucent gate.
  3161 | D:6      | Noticed zikan's ghost (amateur BaSu)
  3374 | D:7      | Reached ** piety under Makhleb
  3386 | D:7      | Found a sand-covered staircase.
  3398 | D:7      | Reached skill level 8 in Axes
  3415 | Ossuary  | Entered an ossuary
  3663 | D:6      | Bought an uncursed ring of poison resistance for 220 gold
                  | pieces
  3790 | D:7      | Reached XP level 9. HP: 78/78 MP: 11/11
  3831 | D:7      | Reached skill level 9 in Axes
  3907 | D:7      | Killed an unseen horror
  3993 | D:7      | Reached *** piety under Makhleb
  3993 | D:7      | Reached skill level 5 in Invocations
  4320 | D:8      | Noticed a two-headed ogre
  4331 | D:8      | Killed a two-headed ogre
  4331 | D:8      | Reached skill level 10 in Axes
  4352 | D:8      | Found Qeiptidu's Jewellery Boutique.
  4365 | D:8      | Bought an uncursed ring of resist corrosion for 260 gold
                  | pieces
  4390 | D:8      | Noticed a two-headed ogre
  4398 | D:8      | Killed a two-headed ogre
  4398 | D:8      | Reached XP level 10. HP: 88/88 MP: 11/13
  4584 | D:8      | Noticed an angel
  4585 | D:8      | Found a glowing silver altar of Zin.
  4612 | D:8      | Found a snail-covered altar of Cheibriados.
  4866 | D:9      | Found a shimmering altar of Xom.
  4934 | D:9      | HP: 9/199 [killer bee (3)]
  4935 | D:9      | HP: 3/199 [killer bee (6)]
  4935 | D:9      | Mangled by a killer bee

Levels and vault maps discovered:
D:1:      roderic_dead_forest, layout_basic, chequers_garden,
          nemelex_xobeh_ov_fountains_minmay
D:2:      layout_loops_cross, okawaru_trees_1
D:3:      layout_rooms, makhleb_altar_promises_db, uniq_crazy_yiuf_cottage
D:4:      layout_rooms, kennysheep_mini_moat, first_ration, serial_shops, shop
D:5:      layout_basic, old_standard_altar, minmay_temple_entry_mini_moons,
          serial_shops, nicolae_shop_stone, uniq_sigmund, uniq_duvessa
D:6:      layout_gridville, ebering_ghost_rock_garden, serial_shops, shop
D:7:      layout_rooms, lightli_ossuary_entry_decrepit_ruins, serial_undead,
          serial_undead_c, serial_undead_d, serial_undead_a, serial_undead_c,
          hangedman_minor_gate_pass
D:8:      layout_cave_pools, overflow_temple_1_default, zin_angel, serial_shops,
          shop_statue
D:9:      layout_loops_cross, lemuel_crystal_altar, minmay_lair_entry_grove,
          david_nohive_1

Skill      XL: |  1  2  3  4  5  6  7  8  9 |
---------------+----------------------------+-----
Axes           | 3 4 5 7 8 10 | 10.9
Armour         | 4 5 6 8 |  8.4
Fighting       | 4 5 6 8 |  8.3
Shields        | 4 5 6 8 |  8.4
Invocations    | 1 2 3 4 5 |  5.8

Action                   |  1- 3 |  4- 6 |  7- 9 | 10-12 || total
-------------------------+-------+-------+-------+-------++-------
Melee: War axe           |    75 |    82 |   226 |    56 ||   439
       Headbutt          |    11 |    14 |    61 |    10 ||    96
  Use: Potion            |       |       |       |     3 ||     3
  Eat: Chunk             |       |     4 |     8 |     1 ||    13
Armor: Scale mail        |    44 |    24 |    52 |       ||   120
       Plate armour      |       |       |    89 |    56 ||   145
       Skin              |       |       |       |     8 ||     8
Dodge: Dodged            |    26 |    22 |    69 |    28 ||   145
Block: Kite shield       |    40 |    43 |   114 |    58 ||   255

Table legend:
 A = Non-vault XP
 B = Vault XP
 C = Vault XP percentage of total XP
 D = Non-vault monster count
 E = Vault monster count
 F = Vault count percentage of total count
                 A         B        C        D         E       F
            +---------+---------+-------+---------+---------+-------
      Total |    4625 |    2733 |  37.1 |     123 |      39 |  24.1
            +---------+---------+-------+---------+---------+-------
        D:1 |      31 |       0 |   0.0 |      18 |       0 |   0.0
        D:2 |      53 |       0 |   0.0 |      15 |       0 |   0.0
        D:3 |      60 |       0 |   0.0 |      10 |       0 |   0.0
        D:4 |     196 |       0 |   0.0 |      11 |       0 |   0.0
        D:5 |     378 |     450 |  54.3 |      14 |       3 |  17.6
        D:6 |     830 |       0 |   0.0 |      26 |       0 |   0.0
        D:7 |     456 |    1899 |  80.6 |      13 |      17 |  56.7
        D:8 |    2499 |       0 |   0.0 |      14 |       0 |   0.0
        D:9 |     122 |     181 |  59.7 |       2 |       3 |  60.0
    Ossuary |       0 |     203 | 100.0 |       0 |      16 | 100.0
            +---------+---------+-------+---------+---------+-------
